 Dungeon Crawl Stone Soup version 0.31.0-12-g77e489cdc1 (webtiles) character file.

Game seed: 5271270697725182001

7 DildoBatman the Conjurer (level 2, 0/20 HPs)
             Began as a Formicid Conjurer on Mar 5, 2024.
             Slain by a hobgoblin (3 damage)
             ... on level 1 of the Dungeon.
             The game lasted 00:01:04 (355 turns).

DildoBatman the Conjurer (Formicid Conjurer)         Turns: 355, Time: 00:01:04

Health: 0/20       AC:  2    Str: 11    XL:     2   Next: 5%
Magic:  1/5        EV: 12    Int: 17    God:
Gold:   23         SH:  0    Dex: 12    Spells: 4/5 levels left

rFire   . . .        (no weapon)
rCold   . . .        (no shield)
rNeg    . . .        a - +0 robe
rPois   .            (helmet unavailable)
rElec   .            (no cloak)
rCorr   .            (no gloves)
SInv    +            (no boots)
Will    .....        (no amulet)
Stlth   ++           (no ring)
HPRegen 0.23/turn    (no ring)
MPRegen 0.09/turn

%: no passive effects
@: no status effects
A: permanent stasis, dig shafts and tunnels, antennae 3, four strong arms
a: Dig, Shaft Self


You were on level 1 of the Dungeon.
You visited 1 branch of the dungeon, and saw 1 of its levels.

You collected 23 gold pieces.

Inventory:

Armour
 a - a +0 robe (worn)
Scrolls
 c - a scroll of enchant weapon {unknown}
 d - a scroll of identify {unknown}
Potions
 b - a potion of magic


   Skills:
 + Level 0.3 Fighting
 + Level 0.3 Armour
 + Level 1.9 Dodging
 + Level 2.6 Stealth
 + Level 2.2 Spellcasting
 + Level 3.6 Conjurations


You had 4 spell levels left.
You knew the following spells:

 Your Spells              Type           Power      Damage    Failure   Level
c - Magic Dart            Conj           56%        1d5       4%          1

Your spell library contained the following spells:

 Spells                   Type           Power      Damage    Failure   Level
 Searing Ray              Conj           28%        2d5       6%          2
 Summon Ice Beast         Ice/Summ       1%         N/A       50%         3
 Fulminant Prism          Conj/Alch      4%         3d5       65%         4
 Iskenderun's Mystic Bla  Conj/Tloc      8%         2d4       65%         4
 Summon Mana Viper        Hex/Summ       1%         N/A       99%         5
 Monstrous Menagerie      Summ           0%         N/A       100%        7


Dungeon Overview and Level Annotations

Branches:
Dungeon (1/15)

Altars:

Shops:
D:1 (


Innate Abilities, Weirdness & Mutations

You cannot be hasted, slowed, berserked, paralysed or teleported.
You can dig through walls and to a lower floor.
You have a pair of large antennae on your head. (SInv)
Your four strong arms can wield two-handed weapons with a shield.


Message History

The jackal bites you but does no damage.
The hobgoblin misses you.
You hit the hobgoblin but do no damage. The jackal barely misses you.
The hobgoblin closely misses you.
You hit the hobgoblin but do no damage. The jackal bites you.
The hobgoblin hits you but does no damage.
The jackal bites you.
You hit the hobgoblin.
The hobgoblin is lightly wounded.
The jackal closely misses you. The hobgoblin barely misses you.
You hit the hobgoblin but do no damage.
The hobgoblin is lightly wounded.
The jackal bites you. The hobgoblin misses you.
You hit the hobgoblin but do no damage.
The hobgoblin is lightly wounded.
The jackal bites you but does no damage.
The jackal closely misses you. The hobgoblin closely misses you.
You hit the hobgoblin.
The hobgoblin is heavily wounded.
The jackal closely misses you. The hobgoblin hits you.
You closely miss the hobgoblin.
The hobgoblin is heavily wounded.
The jackal barely misses you. The hobgoblin hits you. The jackal misses you.
You barely miss the hobgoblin.
The hobgoblin is heavily wounded.
The jackal misses you. The hobgoblin closely misses you.
You hit the hobgoblin.
The hobgoblin is almost dead.
The jackal bites you but does no damage.
The hobgoblin hits you.
You die...

... #.# #.# #.# #.# ...
#.# #... #g# #.. ## #@#
#.. .## # #######h#
#.####..##..
.......h####............
####......##.......# ...
#.......h.......##...
#......##.......##...
#......##.###.####.{.
........##.# #.# #...
###......##.###.####{..


You could see 2 jackals and a hobgoblin.

Vanquished Creatures
  A bat (D:1)
  2 hobgoblins (D:1)
  A jackal (D:1)
  A quokka (D:1)
5 creatures vanquished.

Notes
Turn   | Place    | Note
-------+----------+-------------------------------------------
     0 | D:1      | DildoBatman the Formicid Conjurer began the quest for the
                  | Orb.
     0 | D:1      | Reached XP level 1. HP: 13/13 MP: 3/3
   191 | D:1      | Found Zuuf's Antique Weapon Emporium.
   342 | D:1      | Reached XP level 2. HP: 16/20 MP: 0/5
   355 | D:1      | Slain by a hobgoblin

Illustrated notes

Levels and vault maps discovered:
D:1:      kilobyte_arrival_exit_the_forest, layout_basic, serial_shops,
          nicolae_shop_advertising_works [nicolae_subvault_shop_adworks],
          kennysheep_another_room

Action                     || total
---------------------------++-------
  Melee: Unarmed           ||    18
   Cast: Magic Dart        ||    12
 Armour: Robe              ||    17
  Dodge: Dodged            ||    28
